AoeStats
← the best BO's

Arena

510239021Analyzed
1v1 RM · 1d ago on Sep 30, 2026· 36m 9s· 2 players
Game mode
Random Map
Map size
Tiny (2 player)
Population
200
Speed
Normal
Resources
Standard
Victory
Conquest
Starting age
Dark Age
Ending age
Imperial Age
RankedLock teamsTeams togetherTeam positionsShared explorationLock speedFull tech treeHidden civsTurbo modeCheats
Victory
Defeat
🇦🇷 Turks · Argentina
2206
+12
🇺🇸 Turks · United States
2126
-12
Sapfiros
2:30 Loom
11:06 Feudal Age
12:42 Double-Bit Axe
12:38 Horse Collar
15:14 Castle Age
14:35 Loom
15:59 Husbandry
16:39 Bow Saw
23:34 Wheelbarrow
24:13 Heavy Plow
29:09 Imperial Age
27:15 Gold Mining
27:38 Bloodlines
27:46 Fletching
28:22 Bodkin Arrow
29:05 Padded Archer Armor
29:27 Sipahi
29:30 Loom
29:31 Town Watch
30:03 Heavy Camel Rider
31:17 Ballistics
31:53 Scale Barding Armor
31:59 Forging
33:50 Chain Barding Armor
33:31 Bracer
33:53 Chain Barding Armor
34:51 Leather Archer Armor
35:27 Artillery
the best BO's
11:38 Feudal Age
12:15 Double-Bit Axe
12:39 Horse Collar
15:11 Castle Age
16:11 Bow Saw
16:54 Husbandry
17:01 Loom
21:37 Heavy Plow
22:13 Wheelbarrow
24:07 Hand Cart
24:46 Gold Mining
26:13 Gold Shaft Mining
26:56 Scale Barding Armor
29:21 Imperial Age
27:02 Forging
26:38 Town Watch
27:20 Bloodlines
27:16 Stone Mining
28:33 Chain Barding Armor
30:51 Plate Barding Armor
31:43 Artillery
32:57 Heavy Camel Rider
35:30 Iron Casting
Connection lost

Rejoining the realm…

Still unreachable

The connection could not be restored.

Session expired

The server has moved on; the page needs a fresh start.